 Dungeon Crawl Stone Soup version 0.30-a0-1103-g25895a7845 (webtiles) character file.

Game seed: 14790372294402681565

88 Pimp the Poker (level 4, -5/35 HPs)
             Began as a Merfolk Gladiator on Apr 18, 2023.
             Slain by an orc
             ... wielding a +0 morningstar
              (10 damage)
             ... on level 3 of the Dungeon.
             The game lasted 00:03:56 (1607 turns).

Pimp the Poker (Merfolk Gladiator)                  Turns: 1607, Time: 00:03:57

Health: -5/35      AC:  8    Str: 16    XL:     4   Next: 53%
Magic:  4/4        EV: 11    Int:  7    God:
Gold:   87         SH:  0    Dex: 15    Spells: 3/3 levels left

rFire   . . .      SeeInvis .    a - +0 trident
rCold   . . .      Faith    .    (no shield)
rNeg    . . .      Spirit   .    h - +0 scale mail
rPois   .          Reflect  .    c - +0 helmet
rElec   .          Rampage  .    (no cloak)
rCorr   .                        (no gloves)
Will    .....                    i - +0 pair of boots Stlth
                                 k - amulet of the acrobat
HPRegen 0.25/turn                (no ring)
MPRegen 0.09/turn                (no ring)

@: no status effects
A: (nimble swimmer 2), mertail
a: no special abilities


You were on level 3 of the Dungeon.
You visited 1 branch of the dungeon, and saw 3 of its levels.

You collected 87 gold pieces.

Inventory:

Hand Weapons
 a - a +0 trident (weapon)
Missiles
 d - 3 throwing nets (quivered)
 e - a javelin
Armour
 b - a +0 leather armour
 c - a +0 helmet (worn)
 h - a +0 scale mail (worn)
 i - a +0 pair of boots (worn)
Jewellery
 g - an amulet of guardian spirit
 k - an amulet of the acrobat (around neck)
Scrolls
 f - 4 scrolls of identify {unknown}
Potions
 j - a potion of curing {unknown}
 l - 2 potions of mutation {unknown}
 m - a potion of flight {unknown}
 n - a potion of invisibility {unknown}


   Skills:
 + Level 3.1 Fighting
 + Level 4.9 Polearms
 + Level 2.8 Throwing
 + Level 4.9 Dodging


You had 3 spell levels left.
You didn't know any spells.
Your spell library was empty.

Dungeon Overview and Level Annotations

Branches:
Dungeon (3/15)

Altars:

Shops:
D:1 *   D:2 [(!(=


Innate Abilities, Weirdness & Mutations

((You are very nimble when in or above water. (Stealth+, EV+, Speed+++)))
Your lower body shifts to a powerful aquatic tail in water.


Message History

The orc is heavily wounded.
The orc closely misses you.
You hit the orc.
You kill the orc!
You see here a +0 dagger.
An orc comes into view. It is wielding a +0 trident.
An orc is nearby!
The orc misses you.
You hit the orc.
The orc is heavily wounded.
The orc misses you.
You completely miss the orc.
The orc is heavily wounded.
The orc closely misses you.
You barely miss the orc.
The orc is heavily wounded.
An orc comes into view. It is wielding a +0 whip.
The orc hits you but does no damage.
The orc shouts!
You hit the orc but do no damage.
The orc is heavily wounded.
The orc hits you but does no damage.
You hit the orc.
The orc is almost dead.
The orc hits you with a +0 trident.
You barely miss the orc.
The orc is almost dead.
An orc comes into view. It is wielding a +0 morningstar.
The orc shouts!
You hear a shout!
The orc closely misses you. The orc completely misses you.
An orc comes into view. It is wielding a +0 hand axe.
You barely miss the orc. The orc misses you.
The orc hits you with a +0 trident!
* * * LOW HITPOINT WARNING * * *
You hit the orc.
The orc is heavily wounded.
The orc hits you with a +0 whip.
* * * LOW HITPOINT WARNING * * *
The orc hits you with a +0 morningstar!
You die...

## ## .# #.
.# #. # :#.
.# #o# .#
#@### ..##
#oo.##...#
###o#....#
#))....#
#)#.#### #
#.#.# #.
#.#.#
#.######.#.#
##........#.#


You could see 4 orcs.

Vanquished Creatures
  An adder (D:3)
  2 worms (D:2)
  A dart slug (D:1)
  8 orcs
  4 ball pythons
  6 bats
  5 endoplasms
  A giant cockroach (D:1)
  5 goblins
  9 hobgoblins
  2 jackals (D:1)
  2 quokkas (D:1)
  3 frilled lizards (D:1)
  3 kobolds (D:2)
  3 rats
55 creatures vanquished.

Notes
Turn   | Place    | Note
-------+----------+-------------------------------------------
     0 | D:1      | Pimp the Merfolk Gladiator began the quest for the Orb.
     0 | D:1      | Reached XP level 1. HP: 16/16 MP: 1/1
   117 | D:1      | Reached XP level 2. HP: 20/23 MP: 2/2
   362 | D:1      | Found Befah's General Store.
   387 | D:1      | Reached XP level 3. HP: 28/28 MP: 3/3
   807 | D:2      | Found Sote's Jewellery Shop.
   824 | D:2      | Found Ufekiewn's Weapon Shoppe.
   880 | D:2      | Found Xiusyto's Distillery.
  1074 | D:2      | Found Duzayx's Armour Boutique.
  1150 | D:2      | Reached XP level 4. HP: 34/34 MP: 4/4
  1210 | D:2      | Found Jath's Weapon Shoppe.
  1517 | D:2      | Found a faded altar of an unknown god.
  1607 | D:3      | Slain by an orc

Illustrated notes

Levels and vault maps discovered:
D:1:      dpeg_arrival_shelter, layout_loops_cross, serial_shops, shop
D:2:      layout_loops_ring, hellmonk_ecumenical_altar_defaced_shrine,
          serial_shops, shop, nicolae_shop_bloodbath_and_beyond, shop_fountains,
          shop, nicolae_shop_trees
D:3:      layout_loops_ring, led_sif_pool, corexii_leaking_fountain,
          uniq_sigmund, uniq_jessica

Skill      XL: |  1  2  3  4 |
---------------+-------------+-----
Fighting       | 3 |  3.1
Polearms       | |  4.9
Throwing       | |  2.8
Dodging        | |  4.9

Action                     |  1- 3 |  4- 6 || total
---------------------------+-------+-------++-------
  Melee: Trident           |   132 |    49 ||   181
         Punch             |     2 |       ||     2
 Armour: Scale mail        |    52 |    25 ||    77
  Dodge: Dodged            |   111 |    37 ||   148

Table legend: (Time is in decaauts)
 A = Elapsed time spent in this place.
 B = Non-inter-level travel time spent in this place.
 C = Inter-level travel time spent in this place.
 D = Time resting spent in this place.
 E = Time spent auto-exploring this place.
 F = Levels seen in this place.
 G = Mean time per level.
                   A        B        C        D        E       F      G
               +--------+--------+--------+--------+--------+-----+--------+
         Total |   1619 |   1596 |     23 |      0 |   1138 |   3 |  539.7 |
       Dungeon |   1619 |   1596 |     23 |      0 |   1138 |   3 |  539.7 |
               +--------+--------+--------+--------+--------+-----+--------+

Top non-repeatable levels by time:
     D:2: 820 daAuts
     D:1: 732 daAuts
     D:3: 66 daAuts
